 Dungeon Crawl Stone Soup version 0.29.1-15-g9cfb28693d (webtiles) character file.

Game seed: 13488325931216285342

64 KittyFluff the Trooper (level 4, -4/29 HPs)
             Began as a Gargoyle Berserker on Apr 18, 2023.
             Was a Believer of Trog.
             Slain by Sigmund
             ... wielding a +0 scythe
              (5 damage)
             ... on level 2 of the Dungeon.
             The game lasted 00:05:03 (1672 turns).

KittyFluff the Trooper (Gargoyle Berserker)         Turns: 1672, Time: 00:05:03

Health: -4/29      AC:  8    Str: 20    XL:     4   Next: 12%
Magic:  0/4        EV: 11    Int: 11    God:    Trog [**....]
Gold:   44         SH:  0    Dex: 10    Spells: 3/3 levels left

rFire   . . .      SeeInvis .   a - +0 mace
rCold   . . .      Faith    .   (no shield)
rNeg    + . .      Spirit   +   n - +0 leather armour
rPois   ∞          Reflect  .   (no helmet)
rElec   +          Harm     .   (no cloak)
rCorr   .          Rampage  .   (no gloves)
Will    .....                   p - +0 pair of boots
Stlth   +.........              o - amulet of guardian spirit
HPRegen 0.00/turn               (no ring)
MPRegen 0.09/turn               (no ring)

@: inhibited regen, hasted, very quick
A: sickness immunity, AC +3, negative energy resistance 1, electricity
resistance, torment resistance 1, petrification resistance, clever 1, high MP 1,
inhibited regeneration
a: Renounce Religion, Berserk, Trog's Hand


You were on level 2 of the Dungeon.
You worshipped Trog.
Trog was pleased with you.
You visited 1 branch of the dungeon, and saw 2 of its levels.

You collected 44 gold pieces.

Inventory:

Hand Weapons
 a - a +0 mace (weapon)
Missiles
 e - 14 stones (quivered)
 f - 5 poisoned darts
Armour
 n - a +0 leather armour (worn)
 p - a +0 pair of boots (worn)
Jewellery
 o - an amulet of guardian spirit (around neck)
Scrolls
 d - a scroll of acquirement {unknown}
 i - a scroll of teleportation {unknown}
 j - 2 scrolls of enchant weapon {unknown}
 l - 2 scrolls of immolation {unknown}
Potions
 c - a potion of brilliance {unknown}
 g - a potion of might {unknown}
 k - a potion of magic {unknown}
 q - a potion of attraction {unknown}
 r - a potion of degeneration {unknown}


   Skills:
 + Level 3.8 Fighting
 + Level 3.7 Maces & Flails
 * Level 2.7 Armour
 + Level 2.1 Dodging
 + Level 0.6 Stealth


You had 3 spell levels left.
You didn't know any spells.
Your spell library was empty.

Dungeon Overview and Level Annotations

Branches:
Dungeon (2/15)

Altars:

Annotations:
D:2 Sigmund


Innate Abilities, Weirdness & Mutations

You are immune to sickness and miasma.
Your stone body is resilient. (AC +3)
You are immune to poison.
You resist negative energy. (rN+)
You are resistant to electric shocks. (rElec)
You are resistant to unholy torment.
You are immune to petrification.
Your mind is acute. (Int +4, Str/Dex -1)
You have an increased reservoir of magic. (+10% MP)
You do not regenerate when monsters are visible.


Message History

The puff of flame hits you.
The ball python bites you but does no damage.
The ball python grabs you. The ball python constricts you.
You closely miss Sigmund.
Sigmund is almost dead.
Sigmund hits you but does no damage. The ball python closely misses you.
The ball python constricts you.
You miss Sigmund.
Sigmund is almost dead.
The ball python bites you but does no damage.
The ball python constricts you. Sigmund casts a spell at you.
You are more confused.
The ball python barely misses you. The ball python constricts you.
You bump into the rock wall.
Sigmund hits you with a +0 scythe.
The ball python bites you but does no damage.
The ball python constricts you.
You hit the ball python.
You kill the ball python!
Trog accepts your kill.
You can now call upon Trog for regeneration and willpower.
Sigmund points at you and mumbles some strange words.
The puff of flame hits you!
* * * LOW HITPOINT WARNING * * *
It was a potion of curing.
You feel better. Sigmund hits you with a +0 scythe.
* * * LOW HITPOINT WARNING * * *
You hit Sigmund but do no damage.
Sigmund is almost dead.
You hit Sigmund but do no damage.
Sigmund is almost dead.
Sigmund mumbles some strange words.
Sigmund flickers and vanishes!
Deactivating autopickup; reactivate with Ctrl-A.
Something hits you.
* * * LOW HITPOINT WARNING * * *
It was a potion of mutation.
You feel extremely strange.
You feel clever.
Your regeneration stops near monsters.
You feel more energetic.
It was a potion of haste.
You feel yourself speed up. Something hits you.
You die...

## .. .. .## ..
.########### .###
...........##†..##.#
.#####..##..@{......
###########.###########.
#.....................#
#..##...#....####.....#
#.###...#....# ###...#
#.###..##....#######..#
#......###....:...##..#
#.....## #...#....###.#
#...### #...#....# #.#


There were no monsters in sight!

Vanquished Creatures
  2 adders (D:2)
  2 worms (D:2)
  A dart slug (D:1)
  2 endoplasms (D:1)
  4 giant cockroaches
  3 goblins
  4 hobgoblins
  2 jackals (D:1)
  2 quokkas
  6 ball pythons
  3 bats (D:1)
  3 kobolds
  2 rats
36 creatures vanquished.

Notes
Turn   | Place    | Note
-------+----------+-------------------------------------------
     0 | D:1      | KittyFluff the Gargoyle Berserker began the quest for the
                  | Orb.
     0 | D:1      | Reached XP level 1. HP: 14/14 MP: 1/1
   387 | D:1      | Reached XP level 2. HP: 15/19 MP: 2/2
   832 | D:1      | Reached XP level 3. HP: 9/24 MP: 3/3
  1558 | D:2      | Reached XP level 4. HP: 29/29 MP: 2/4
  1648 | D:2      | Noticed Sigmund
  1667 | D:2      | Reached ** piety under Trog
  1670 | D:2      | HP: 1/29 [something (5)]
  1671 | D:2      | Gained mutation: Your mind is acute. (Int +4, Str/Dex -1)
                  | [potion of mutation]
  1671 | D:2      | Gained mutation: You do not regenerate when monsters are
                  | visible. [potion of mutation]
  1671 | D:2      | Gained mutation: You have an increased reservoir of magic.
                  | (+10% MP) [potion of mutation]
  1672 | D:2      | Slain by Sigmund

Illustrated notes

Levels and vault maps discovered:
D:1:      onia_arrival_pyramid, layout_loops_cross, eino_curves_03
D:2:      minmay_recursive_quarters, layout_basic, uniq_crazy_yiuf_cottage,
          uniq_sigmund

Skill      XL: |  1  2  3 |
---------------+----------+-----
Dodging        | 2 |  2.1
Fighting       | |  3.8
Maces & Flails | |  3.7
Armour         | |  2.7
Stealth        | |  0.6

Action                   |  1- 3 |  4- 6 || total
-------------------------+-------+-------++-------
Melee: Mace              |   128 |    20 ||   148
       Punch             |     2 |       ||     2
Invok: Berserk           |     1 |       ||     1
  Use: Potion            |       |     3 ||     3
Armor: Animal skin       |    33 |       ||    33
       Leather armour    |    28 |     6 ||    34
Dodge: Dodged            |    83 |     9 ||    92
